 Dungeon Crawl Stone Soup version 0.27.1-34-g3ba077fa99 (webtiles) character file.

Game seed: 171779129604168472

49 cbfl8 the Sneak (level 3, -3/33 HPs)
             Began as a Minotaur Delver on Jan 16, 2022.
             Slain by an ogre (33 damage)
             ... on level 5 of the Dungeon.
             The game lasted 00:00:36 (165 turns).

cbfl8 the Sneak (Minotaur Delver)                    Turns: 165, Time: 00:00:37

Health: -3/33      AC:  8    Str: 16    XL:     3   Next: 53%
Magic:  2/2        EV:  7    Int:  8    God:
Gold:   19         SH:  0    Dex: 11    Spells: 2/2 levels left

rFire    . . .     SeeInvis .   a - +0 hand axe
rCold    . . .     Faith    .   (no shield)
rNeg     . . .     Spirit   .   h - +0 chain mail
rPois    .         Reflect  .   (helmet restricted)
rElec    .         Harm     .   (no cloak)
rCorr    .         Rampage  .   (no gloves)
Will     .....                  (no boots)
Stlth    ..........             (no amulet)
HPRegen  0.11/turn              (no ring)
MPRegen  0.08/turn              (no ring)

@: no status effects
A: horns 2, retaliatory headbutt
a: no special abilities


You were on level 5 of the Dungeon.
You visited 1 branch of the dungeon, and saw 1 of its levels.

You collected 19 gold pieces.

Inventory:

Hand Weapons
 a - a +0 hand axe (weapon)
Armour
 b - a +0 leather armour
 h - a +0 chain mail (worn)
Wands
 g - a wand of digging (3)
Scrolls
 c - a scroll of fog
 d - a scroll of magic mapping
 e - a scroll of fear
Potions
 f - 2 potions of haste


   Skills:
 + Level 4.0 Fighting
 + Level 2.7 Axes
 + Level 0.5 Armour
 + Level 2.3 Dodging
 + Level 4.8 Stealth


You had 2 spell levels left.
You didn't know any spells.
Your spell library was empty.

Dungeon Overview and Level Annotations

Branches:
Dungeon (5/15)
 Temple: D:4-7

Altars:
Vehumet


Innate Abilities, Weirdness & Mutations

You have a pair of horns on your head.
You reflexively headbutt those who attack you in melee.


Message History

The water moccasin zombie bites you.
You hit the water moccasin zombie.
The water moccasin zombie is almost destroyed.
The water moccasin zombie bites you but does no damage.
The water moccasin zombie bites you.
You hit the water moccasin zombie.
The water moccasin zombie is almost destroyed.
The water moccasin zombie barely misses you.
You hit the water moccasin zombie.
You destroy the water moccasin zombie!
Your Fighting skill increases to level 4!
You have reached level 2!
You have reached level 3!
Your experience leads to an increase in your attributes!
Increase (S)trength, (I)ntelligence, or (D)exterity?
You feel clever.
You start resting.
You hear the slow rusting of a very distant drain.
You start resting.
HP restored.
Found a radiant altar of Vehumet.
Sorry, I don't know how to get there.
You hear the slow rusting of a distant drain.
An ogre comes into view. It is wielding a +0 giant spiked club.
Found a hand axe.
The ogre barely misses you.
You hit the ogre.
The ogre is lightly wounded.
The ogre closely misses you.
You hit the ogre but do no damage.
You headbutt the ogre, but do no damage.
The ogre is lightly wounded.
You hit the ogre.
The ogre is moderately wounded.
The ogre hits you with a +0 giant spiked club.
You hit the ogre.
The ogre is heavily wounded.
The ogre hits you with a +0 giant spiked club!!
Ouch! That really hurt!
You die...

............... .........
..#............... .........
..............>.. .........
.........##'##### ........#
............[...#
........#####...............#
...........................#
###+#.......................#
...........O@...............#
)......#....................#
.......#....................#
.......#....................#
.......#.........############
.......#.........#
.......#.....○...#
'##..#.#.....○☼☼.#
#......_..#


You could see an ogre.

Vanquished Creatures
  A water moccasin zombie (D:5)
1 creature vanquished.

Notes
Turn   | Place    | Note
-------+----------+-------------------------------------------
     0 | D:5      | cbfl8 the Minotaur Delver began the quest for the Orb.
     0 | D:5      | Reached XP level 1. HP: 19/19 MP: 0/0
    41 | D:5      | Noticed a water moccasin zombie
    53 | D:5      | Killed a water moccasin zombie
    54 | D:5      | Reached XP level 2. HP: 20/27 MP: 1/1
    54 | D:5      | Reached XP level 3. HP: 24/33 MP: 2/2
   131 | D:5      | Found a radiant altar of Vehumet.
   152 | D:5      | Noticed an ogre
   165 | D:5      | Slain by an ogre

Illustrated notes

Levels and vault maps discovered:
D:5:      layout_basic, fiery_altar_vehumet, gup_sewer_entry_bowl

Skill      XL: |  1 |
---------------+----+-----
Fighting       | 4 |  4.0
Axes           | |  2.7
Armour         | |  0.5
Dodging        | |  2.3
Stealth        | |  4.8

Action                   || total
-------------------------++-------
Melee: Hand axe          ||    11
       Headbutt          ||     3
Armor: Chain mail        ||     1
Dodge: Dodged            ||     6
